 Dungeon Crawl Stone Soup version 0.28-a0-677-g3278d6a771 (webtiles) character file.

Game seed: 12267780671447516374

175 MacCMillion the Magician (level 5, -1/39 HPs)
             Began as a Djinni Ice Elementalist on Oct 18, 2021.
             Killed by nerve-wracking pain
             ... invoked by Grinder
              (10 damage)
             ... on level 3 of the Dungeon.
             The game lasted 00:06:43 (3509 turns).

MacCMillion the Magician (Djinni Ice Elementalist)  Turns: 3509, Time: 00:06:43

Health: -1/39      AC:  9    Str:  7    XL:     5   Next: 85%
Gold:   140        EV: 12    Int: 23    God:
                   SH:  0    Dex: 14

rFire   + + .      SeeInvis .   p - +2 dagger (venom)
rCold   x . .      Faith    .   (no shield)
rNeg    . . .      Spirit   .   a - +0 robe
rPois   ∞          Reflect  .   (no helmet)
rElec   .          Harm     .   (no cloak)
rCorr   .          Rampage  .   (no gloves)
Will    .....                   (boots unavailable)
Stlth   ++........              (no amulet)
HPRegen 0.13/turn               g - +6 ring of intelligence
MPRegen 0.00/turn               (no ring)

@: ice-armoured, flying
A: sickness immunity, fire resistance 2, cold vulnerability 1, float, innate
caster, hp casting, extra vitality 1
a: no special abilities


You were on level 3 of the Dungeon.
You visited 1 branch of the dungeon, and saw 3 of its levels.

You collected 140 gold pieces.

Inventory:

Hand Weapons
 j - a +0 spear
 m - a +1 dagger of venom
 p - a +2 dagger of venom (weapon)
Armour
 a - a +0 robe (worn)
Jewellery
 g - a +6 ring of intelligence (left hand)
Scrolls
 b - a scroll of fog {unknown}
 d - a scroll of vulnerability {unknown}
 e - 3 scrolls of enchant weapon {unknown}
 f - 4 scrolls of identify {unknown}
 i - a scroll of blinking {unknown}
 k - a scroll of fear {unknown}
 q - 2 scrolls of teleportation {unknown}
Potions
 c - 4 potions of curing
 h - a potion of mutation {unknown}
 l - a potion of invisibility {unknown}
 n - a potion of degeneration {unknown}
 o - a potion of heal wounds
 r - a potion of haste {unknown}


   Skills:
 + Level 2.6 Fighting
 - Level 2.1 Dodging
 - Level 1.5 Stealth
 * Level 4.6 Spellcasting


You couldn't memorise any spells.
You knew the following spells:

 Your Spells              Type           Power      Damage    Failure   Level
a - Freeze                Ice            100%       1d11      1%          1
b - Frozen Ramparts       Ice            52%        1d7       4%          3
c - Ozocubu's Armour      Ice            26%        N/A       4%          3
d - Hailstorm             Conj/Ice       26%        3d7       14%         4
e - Sandblast             Erth           52%        2d12      1%          1
f - Searing Ray           Conj           52%        2d6       2%          2
Your spell library was empty.

Dungeon Overview and Level Annotations

Branches:
Dungeon (3/15)

Altars:
Qazlal

Annotations:
D:3 Grinder


Innate Abilities, Weirdness & Mutations

You are immune to sickness and miasma.
You are immune to poison.
Your flesh is very heat resistant. (rF++)
You are vulnerable to cold. (rC-)
You float through the air rather than walking.
You learn spells naturally, not from books.
Your magical power is your life essence.
You have superior vitality. (+4 HP)


Message History

It was a potion of heal wounds.
You feel much better.
Unknown command.
Your icy armour and frozen ramparts will break if you move.
Continue?
Your icy armour cracks and falls away as you move.
The frozen ramparts melt away as you move.
Casting: Hailstorm (quite dangerous; 14% risk of failure)
Confirm with . or Enter, or press ? or * to list all spells.
You can't see any susceptible monsters within range! (Use Z to cast anyway.) Unknown command.
Casting: Hailstorm (quite dangerous; 14% risk of failure)
Confirm with . or Enter, or press ? or * to list all spells.
A film of ice covers your body! Grinder hits you but does no damage.
You hit Grinder.
Grinder is severely wounded.
Grinder closely misses you.
You barely miss Grinder.
Grinder is severely wounded.
Grinder hits you!
You completely miss Grinder.
Grinder is severely wounded.
Grinder hits you!
You writhe in agony.
You are too injured to fight recklessly!
You are too injured to fight recklessly!
You are too injured to fight recklessly!
You hit Grinder but do no damage.
Grinder is severely wounded.
Grinder hits you.
* * * LOW HITPOINT WARNING * * *
You writhe in agony.
* * * LOW HITPOINT WARNING * * *
You hit Grinder.
Grinder is severely wounded.
Grinder says, "DUCK!"
Grinder gestures at you. You resist with significant effort.
You hit Grinder.
Grinder is severely wounded.
Grinder gestures at you. Pain shoots through your body!
You die...

#.(...#
#.##...#§§§§§§
#..>..# #.....##
§§§§§ #.....#
####..## §§§§
#.....########...#
§§§
...............#.###
##
################...#
##..# #####5.####
#...@.....#
##'####..#.#
#..5.....#.#
#..........#
#.......#..#
#.......#..#
#.......#..######
#.......).......#
#.......##>###.##


You could see Grinder.

Vanquished Creatures
  A hound (D:3)
  An orc priest (D:3)
  A hound skeleton (D:2)
  3 adders
  A worm (D:2)
  2 dart slugs
  9 orcs (D:3)
  7 ball pythons
  3 endoplasms
  2 giant cockroaches
  4 goblins
  3 hobgoblins (D:2)
  2 kobolds
  5 quokkas
  9 bats
  2 frilled lizards
  3 rats
58 creatures vanquished.

Notes
Turn   | Place    | Note
-------+----------+-------------------------------------------
     0 | D:1      | MacCMillion the Djinni Ice Elementalist began the quest for
                  | the Orb.
     0 | D:1      | Reached XP level 1. HP: 15/15 MP: 0/0
   196 | D:1      | Reached XP level 2. HP: 20/22 MP: 0/0
   440 | D:1      | Found a faded altar of an unknown god.
   650 | D:1      | Reached skill level 1 in Fighting
  1047 | D:2      | Reached XP level 3. HP: 26/27 MP: 0/0
  1047 | D:2      | Learned a level 1 spell: Sandblast
  1534 | D:2      | Reached skill level 4 in Spellcasting
  1534 | D:2      | Reached XP level 4. HP: 30/33 MP: 0/0
  2214 | D:2      | Reached XP level 5. HP: 38/38 MP: 0/0
  2214 | D:2      | Learned a level 2 spell: Searing Ray
  2690 | D:3      | Found a stormy altar of Qazlal.
  3470 | D:3      | Noticed Grinder
  3470 | D:3      | Paralysed by Grinder for 4 turns
  3509 | D:3      | Killed from afar by Grinder

Illustrated notes

Levels and vault maps discovered:
D:1:      minmay_arrival_plants_in_alcoves, layout_rooms,
          hellmonk_ecumenical_altar_pennies_from_heaven, patterned_corridor
D:2:      layout_basic
D:3:      layout_basic, nicolae_qazlal_eye_of_the_storm,
          kennysheep_generic_room_10, uniq_grinder

Skill      XL: |  1  2  3  4 |
---------------+-------------+-----
Fighting       | 1 2 |  2.6
Spellcasting   | 4 |  4.6
Dodging        | |  2.1
Stealth        | |  1.5

Action                   |  1- 3 |  4- 6 || total
-------------------------+-------+-------++-------
Melee: Unarmed           |     4 |       ||     4
       Spear             |    12 |     7 ||    19
       Dagger            |       |    52 ||    52
 Cast: Freeze            |    44 |    16 ||    60
       Frozen Ramparts   |       |     5 ||     5
       Ozocubu's Armour  |       |     3 ||     3
  Use: Potion            |       |     2 ||     2
 Stab: Sleeping          |       |     3 ||     3
Armor: Robe              |     8 |    10 ||    18
Dodge: Dodged            |    39 |    49 ||    88

Table legend: (Time is in decaauts)
 A = Elapsed time spent in this place.
 B = Non-inter-level travel time spent in this place.
 C = Inter-level travel time spent in this place.
 D = Time resting spent in this place.
 E = Time spent auto-exploring this place.
 F = Levels seen in this place.
 G = Mean time per level.
                   A        B        C        D        E       F      G
               +--------+--------+--------+--------+--------+-----+--------+
         Total |   3510 |   3436 |     74 |    263 |   2638 |   3 | 1170.0 |
       Dungeon |   3510 |   3436 |     74 |    263 |   2638 |   3 | 1170.0 |
               +--------+--------+--------+--------+--------+-----+--------+

Top non-repeatable levels by time:
     D:2: 1223 daAuts
     D:1: 1215 daAuts
     D:3: 1072 daAuts
